 Dungeon Crawl Stone Soup version 0.29.0-15-g675c0067aa (webtiles) character file.

Game seed: 15750467678370867787

24781 qw the Cleaver (level 13, -2/84 HPs)
             Began as a Gargoyle Fighter on Sept 11, 2022.
             Slain by a minotaur
             ... wielding a +2 great mace of draining
              (10 damage)
             ... in a Gauntlet.
             The game lasted 00:05:51 (13685 turns).

qw the Cleaver (Gargoyle Fighter)                  Turns: 13685, Time: 00:05:51

Health: -2/84      AC: 26    Str: 26    XL:     13   Next: 15%
Magic:  22/22      EV:  7    Int: 12    God:
Gold:   603        SH: 17    Dex: 15    Spells: 12/12 levels left

rFire   + + .      SeeInvis +   r - +7 war axe "Yxios" {speed, rN+}
rCold   + . .      Faith    .   i - +0 tower shield
rNeg    + + +      Spirit   .   v - +2 chain mail {rC+}
rPois   inf        Reflect  .   n - +0 helmet
rElec   +          Harm     .   (no cloak)
rCorr   .          Rampage  .   s - +1 pair of gloves "Iroobek" {Int+4 Dex+3}
Will    +....      NoTele   +   (no boots)
Stlth   ..........              c - amulet of Waecag {rF+ rN+ Regen+ MP+9}
HPRegen 1.04/turn               l - ring "Caupp" {rF+ Dex+3 SInv}
MPRegen 0.18/turn               u - ring of willpower

@: no status effects
A: sickness immunity, AC +9, negative energy resistance 1, electricity
resistance, torment resistance 1, petrification resistance
a: no special abilities


You were in a Gauntlet.
You visited 3 branches of the dungeon, and saw 14 of its levels.
You also visited: Gauntlet.

You collected 855 gold pieces.
You spent 252 gold pieces at shops.


Innate Abilities, Weirdness & Mutations

You are immune to sickness and miasma.
Your stone body is resilient. (AC +9)
You are immune to poison.
You resist negative energy. (rN+)
You are resistant to electric shocks. (rElec)
You are resistant to unholy torment.
You are immune to petrification.


   Skills:
 - Level 11.1 Fighting
 - Level 14.0 Axes
 - Level 1.0 Throwing
 - Level 8.3 Armour
 - Level 3.1 Dodging
 + Level 11.1 Shields


You had 12 spell levels left.
You didn't know any spells.
Your spell library was empty.

Inventory:

Hand Weapons
 g - a +0 morningstar
 m - the +9 flail of Impatience {vorpal, rC++}
   (You found it on level 3 of the Dungeon)

   It inflicts extra damage upon your enemies.
   rC:        It greatly protects you from cold.
 r - the +7 war axe "Yxios" (weapon) {speed, rN+}
   (You found it on level 9 of the Dungeon)

   Attacks with this weapon are significantly faster.
   rN:        It protects you from negative energy.
Armour
 b - a +0 plate armour
 i - a +0 tower shield (worn)
 n - a +0 helmet (worn)
 s - the +1 pair of gloves "Iroobek" (worn) {Int+4 Dex+3}
   (You acquired it on level 1 of the Lair of Beasts)

   Int:       It affects your intelligence (+4).
   Dex:       It affects your dexterity (+3).
 v - a +2 chain mail of cold resistance (worn)
Jewellery
 c - the amulet of Waecag (around neck) {rF+ rN+ Regen+ MP+9}
   (You acquired it on level 1 of the Lair of Beasts)

   [amulet of regeneration]

   rF:        It protects you from fire.
   rN:        It protects you from negative energy.
   MP:        It affects your magic capacity (+9).
   Regen:     It increases your rate of health regeneration.
 l - the ring "Caupp" (left hand) {rF+ Dex+3 SInv}
   (You found it on level 5 of the Dungeon)

   [ring of see invisible]

   Dex:       It affects your dexterity (+3).
   rF:        It protects you from fire.
   SInv:      It lets you see invisible.
 u - a ring of willpower (right hand)
 x - a ring of protection from fire
Scrolls
 f - a scroll of teleportation
 h - a scroll of blinking
 k - 2 scrolls of identify
Potions
 a - a potion of haste
 d - 2 potions of might
 e - 3 potions of lignification
 o - 3 potions of attraction
 p - 8 potions of curing
 q - a potion of mutation

Dungeon Overview and Level Annotations

Branches:
Dungeon (11/15)            Temple (1/1) D:5            Lair (2/5) D:10
    Orc (0/2) D:11        Gauntlet (1/1)
  Swamp: Lair:2-3    Shoals: Lair:2-3     Snake: Lair:2-3    Spider: Lair:2-3

Altars:
Ashenzari
Cheibriados
Dithmenos
Elyvilon
Fedhas
Gozag
Hepliaklqana
Kikubaaqudgha
Makhleb
Nemelex Xobeh
Okawaru
Qazlal
Ru
Sif Muna
Trog
Uskayaw
Vehumet
Wu Jian
Xom
Yredelemnul
Zin
The Shining One

Shops:
D:3 (   D:7 !

Annotations:
D:10 2 transporters, qw's ghost, novice MiBe Gauntlet 4 transporters


Message History

The minotaur is moderately wounded.
The minotaur hits you with a +2 great mace of draining.
The minotaur gores you but does no damage.
You closely miss the minotaur.
The minotaur is moderately wounded.
The minotaur hits you with a +2 great mace of draining!
You block the minotaur's attack.
You hit the minotaur but do no damage.
The minotaur is moderately wounded.
You slice the minotaur!!
The minotaur is heavily wounded.
The minotaur hits you with a +2 great mace of draining!
The minotaur gores you.
You hit the minotaur but do no damage.
The minotaur is heavily wounded.
The minotaur hits you with a +2 great mace of draining!!
You block the minotaur's attack.
13680 ||| DRINKING potion of heal wounds.
You feel much better.
The minotaur hits you with a +2 great mace of draining.
You block the minotaur's attack.
You hit the minotaur but do no damage.
The minotaur is heavily wounded.
The minotaur hits you with a +2 great mace of draining.
The minotaur gores you but does no damage.
You hit the minotaur.
The minotaur is heavily wounded.
The minotaur hits you with a +2 great mace of draining.
The minotaur gores you but does no damage.
You slice the minotaur!!
The minotaur is severely wounded.
You completely miss the minotaur.
The minotaur furiously retaliates!
The minotaur headbutts you!
The minotaur is severely wounded.
You block the minotaur's attack.
The minotaur gores you but does no damage.
You barely miss the minotaur.
The minotaur is severely wounded.
The minotaur hits you with a +2 great mace of draining!
You die...

##### ~~~ ~\~ ...
##.## ...
#######H#######
#......@......#
#.###.###.###.#
#.###.###.###
#............
###.###.###.#
#####.###.###.#####
##~...............~##
#~~..8^8^8^8^8^8..~~#
##~...............~#


You could see a minotaur.

Vanquished Creatures
  A reaper (Gauntlet)
  A blizzard demon (Gauntlet)
  A hydra (Lair:1)
  A boulder beetle (D:11)
  A two-headed ogre (D:9)
  A deep elf pyromancer (D:10)
  An ugly thing (D:11)
  A cyclops (D:11)
  A manticore (D:11)
  An oklob plant (Gauntlet)
  A black mamba (Lair:1)
  A gargoyle (D:9)
  4 cane toads
  An unseen horror (D:10)
  3 kobold demonologists (D:11)
  A rime drake (Lair:1)
  2 komodo dragons (Lair:1)
  2 trolls
  An ice devil (Gauntlet)
  3 hornets (Gauntlet)
  Grinder (D:6)
  3 slime creatures (Gauntlet)
  17 blink frogs
  A shadow (D:11)
  23 yaks
  A vampire (D:10)
  A wraith (D:10)
  4 wyverns
  2 steam dragons (D:6)
  A basilisk (D:10)
  4 vampire mosquitoes (D:10)
  3 acid dragons
  8 water moccasins
  An ice beast (D:7)
  7 orc warriors
  A black bear (D:8)
  An ogre (D:6)
  3 centaurs
  A phantom (D:5)
  4 kobold brigands
  4 bullfrogs
  A necrophage (D:6)
  2 scorpions
  9 wights
  16 killer bees
  An electric eel (Lair:2)
  4 howler monkeys
  3 jellies
  11 orc priests
  2 hounds (D:7)
  3 iguanas
  An iron imp (D:6)
  A gnoll bouda (D:7)
  Terence (D:2)
  10 orc wizards
  13 gnolls
  4 adders
  A shadow imp (Gauntlet)
  A white imp (D:5)
  2 ufetubi
  2 worms
  3 dart slugs
  49 orcs
  8 ball pythons
  8 endoplasms
  6 giant cockroaches
  3 goblins
  5 hobgoblins
  2 quokkas (D:3)
  4 bats
  4 frilled lizards
  A goblin skeleton (D:6)
  A goblin zombie (D:6)
  2 hobgoblin zombies (D:6)
  20 kobolds
  An orc skeleton (D:6)
  An orc zombie (D:6)
  8 rats
  2 bushes (D:10)
336 creatures vanquished.

Vanquished Creatures (others)
  12 fungi
  8 plants
20 creatures vanquished.

Grand Total: 356 creatures vanquished

Notes
Turn   | Place    | Note
-------+----------+-------------------------------------------
     0 | D:1      | qw the Gargoyle Fighter began the quest for the Orb.
     0 | D:1      | Reached XP level 1. HP: 14/14 MP: 1/1
     0 | D:1      | 0 ||| qw: Version: 0.1-a-119-g272c26d
     0 | D:1      | 0 ||| qw: Game counter: 10712
     0 | D:1      | 0 ||| qw: Always use a shield: true
     0 | D:1      | 0 ||| qw: God list: Okawaru
     0 | D:1      | 0 ||| qw: Allow faded altars: false
     0 | D:1      | 0 ||| qw: Do Orc after D:15 true
     0 | D:1      | 0 ||| qw: Do second Lair branch before Depths: true
     0 | D:1      | 0 ||| qw: Lair rune preference: random
     0 | D:1      | 0 ||| qw: Plans: Normal, Zot, God:TSO, Crypt, Tomb, Pan,
                  | Slime, Hells, Zig, Abyss, Orb
     0 | D:1      | 0 ||| PLANNING D:1-11
   103 | D:1      | Reached skill level 2 in Axes
   355 | D:1      | Reached XP level 2. HP: 14/19 MP: 2/2
   455 | D:1      | 455 ||| Stepping ~*~*~tactically~*~*~ (hiding).
   612 | D:1      | 612 ||| DROPPING +0 club.
   624 | D:1      | Found a faded altar of an unknown god.
   826 | D:1      | 826 ||| READING scroll labelled LYTEDUEWAG.
   827 | D:1      | 827 ||| READING scroll labelled BEEHUOGOAL.
   916 | D:2      | Reached skill level 3 in Axes
   981 | D:2      | Reached XP level 3. HP: 21/23 MP: 3/3
  1018 | D:2      | 1018 ||| Stepping ~*~*~tactically~*~*~ (hiding).
  1265 | D:2      | Noticed Terence
  1282 | D:2      | Killed Terence
  1283 | D:2      | Reached XP level 4. HP: 14/28 MP: 4/4
  1433 | D:2      | 1433 ||| DROPPING +0 mace.
  1474 | D:2      | 1474 ||| Stepping ~*~*~tactically~*~*~ (stealth).
  1475 | D:2      | 1475 ||| Stepping ~*~*~tactically~*~*~ (stealth).
  1592 | D:2      | 1592 ||| Stepping ~*~*~tactically~*~*~ (stealth).
  1593 | D:2      | 1593 ||| Stepping ~*~*~tactically~*~*~ (stealth).
  1594 | D:2      | 1594 ||| Stepping ~*~*~tactically~*~*~ (stealth).
  1604 | D:2      | Reached skill level 4 in Axes
  2130 | D:2      | 2130 ||| UPGRADING to +0 chain mail.
  2140 | D:2      | 2140 ||| DROPPING +0 scale mail.
  2141 | D:2      | 2141 ||| UPGRADING to amulet of the acrobat.
  2146 | D:2      | 2146 ||| READING scroll labelled WABEGE XYANA.
  2146 | D:2      | Identified a scroll of acquirement
  2146 | D:2      | 2146 ||| ACQUIRING +2 broad axe of venom
  2146 | D:2      | Acquired a +2 broad axe of venom
  2148 | D:2      | 2148 ||| SWAPPING to +2 broad axe of venom.
  2149 | D:2      | 2149 ||| DROPPING +0 war axe.
  2150 | D:2      | 2150 ||| DRINKING 2 amethyst potions.
  2183 | D:3      | 2183 ||| STAIRDANCE
  2190 | D:3      | 2190 ||| STAIRDANCE
  2279 | D:3      | Identified the +9 flail of Impatience {vorpal, rC++}
  2281 | D:3      | 2281 ||| DROPPING +0 flail.
  2298 | D:3      | Reached XP level 5. HP: 32/32 MP: 5/5
  2324 | D:3      | 2324 ||| Stepping ~*~*~tactically~*~*~ (stealth).
  2339 | D:3      | 2339 ||| FLEEEEING.
  2360 | D:3      | Reached skill level 5 in Axes
  2417 | D:3      | Found an ancient bone altar of Kikubaaqudgha.
  2441 | D:3      | Found Ihoqolos's Antique Weapon Shop.
  2582 | D:3      | Found a white marble altar of Elyvilon.
  2759 | D:3      | 2759 ||| READING scroll labelled OJIMNA QAGOFF.
  2760 | D:3      | 2760 ||| READING scroll labelled XILAOS DUOM.
  2761 | D:3      | 2761 ||| READING scroll labelled EDANGYHYITS.
  2764 | D:3      | 2764 ||| DRINKING 2 murky puce potions.
  2765 | D:3      | 2765 ||| READING 2 scrolls of identify.
  2765 | D:3      | 2765 ||| IDENTIFYING orange potion
  2830 | D:4      | 2830 ||| Stepping ~*~*~tactically~*~*~ (stealth).
  2866 | D:4      | Reached XP level 6. HP: 30/38 MP: 6/6
  2866 | D:4      | 2866 ||| FLEEEEING.
  2868 | D:4      | 2868 ||| FLEEEEING.
  2869 | D:4      | 2869 ||| FLEEEEING.
  2870 | D:4      | 2870 ||| FLEEEEING.
  2871 | D:4      | 2871 ||| FLEEEEING.
  2874 | D:4      | 2874 ||| STAIRDANCE
  2927 | D:3      | 2927 ||| DRINKING 2 clear potions.
  2950 | D:4      | 2950 ||| Stepping ~*~*~tactically~*~*~ (stealth).
  2951 | D:4      | 2951 ||| Stepping ~*~*~tactically~*~*~ (stealth).
  2953 | D:4      | 2953 ||| Stepping ~*~*~tactically~*~*~ (stealth).
  3304 | D:4      | 3304 ||| READING scroll labelled HUGHEI ONIUGG.
  3441 | D:5      | Entered Level 5 of the Dungeon
  3532 | D:5      | 3532 ||| Stepping ~*~*~tactically~*~*~ (hiding).
  3534 | D:5      | 3534 ||| Stepping ~*~*~tactically~*~*~ (hiding).
  3535 | D:5      | 3535 ||| Stepping ~*~*~tactically~*~*~ (stealth).
  3823 | D:5      | 3823 ||| Stepping ~*~*~tactically~*~*~ (hiding).
  3931 | D:5      | Identified the ring "Caupp" {rF+ Dex+3 SInv}
  3949 | D:5      | Found a staircase to the Ecumenical Temple.
  3950 | D:5      | 3950 ||| PLANNING TEMPLE
  3950 | D:5      | 3950 ||| UPGRADING to ring "Caupp" {rF+ Dex+3 SInv}.
  3951 | D:5      | 3951 ||| READING 2 scrolls of identify.
  3951 | D:5      | 3951 ||| IDENTIFYING smoky clear potion
  3952 | D:5      | 3952 ||| DROPPING potion of invisibility.
  3958 | Temple   | Entered the Ecumenical Temple
  4037 | Temple   | 4037 ||| PLANNING D:1-11
  4138 | D:5      | 4138 ||| Stepping ~*~*~tactically~*~*~ (hiding).
  4139 | D:5      | 4139 ||| Stepping ~*~*~tactically~*~*~ (hiding).
  4148 | D:5      | Reached skill level 1 in Dodging
  4150 | D:5      | Reached skill level 6 in Axes
  4150 | D:5      | Reached XP level 7. HP: 43/43 MP: 7/7
  4537 | D:5      | 4537 ||| READING scroll labelled HAOXIQ PANG.
  4538 | D:5      | 4538 ||| READING 2 scrolls of identify.
  4538 | D:5      | 4538 ||| IDENTIFYING glowing puce potion
  4539 | D:5      | 4539 ||| DROPPING potion of magic.
  4550 | D:6      | Found a shimmering blue altar of Sif Muna.
  4573 | D:6      | Noticed Grinder
  4574 | D:6      | 4574 ||| Stepping ~*~*~tactically~*~*~ (stealth).
  4575 | D:6      | Noticed a yak
  4576 | D:6      | 4576 ||| Stepping ~*~*~tactically~*~*~ (hiding).
  4577 | D:6      | 4577 ||| Stepping ~*~*~tactically~*~*~ (hiding).
  4586 | D:6      | HP: 10/43 [yak (9)]
  4587 | D:6      | 4587 ||| READING scroll of teleportation.
  4588 | D:6      | 4588 ||| DRINKING potion of heal wounds.
  4593 | D:6      | Killed a yak
  4594 | D:6      | Reached skill level 7 in Axes
  4598 | D:6      | HP: 7/44 [orc warrior/+0 long sword (12)]
  4601 | D:6      | Reached XP level 8. HP: 8/49 MP: 8/8
  4927 | D:6      | Found a hazy altar of Hepliaklqana.
  4988 | D:6      | Found a glowing golden altar of the Shining One.
  5095 | D:6      | Reached skill level 8 in Axes
  5152 | D:6      | 5152 ||| Stepping ~*~*~tactically~*~*~ (stealth).
  5164 | D:6      | Reached skill level 6 in Fighting
  5220 | D:6      | 5220 ||| FLEEEEING.
  5221 | D:6      | 5221 ||| FLEEEEING.
  5261 | D:6      | Killed Grinder
  5282 | D:6      | 5282 ||| FLEEEEING.
  5283 | D:6      | 5283 ||| FLEEEEING.
  5288 | D:6      | Reached skill level 9 in Axes
  5389 | D:6      | Found a sacrificial altar of Ru.
  5460 | D:6      | Noticed a yak
  5460 | D:6      | Noticed a yak
  5462 | D:6      | Noticed a yak
  5472 | D:6      | Killed a yak
  5473 | D:6      | Reached XP level 9. HP: 31/55 MP: 9/9
  5967 | D:6      | 5967 ||| UPGRADING to +0 plate armour.
  5977 | D:6      | 5977 ||| DROPPING +0 chain mail.
  5978 | D:6      | 5978 ||| UPGRADING to +0 kite shield.
  5988 | D:6      | 5988 ||| DROPPING +0 buckler.
  5989 | D:6      | 5989 ||| READING scroll labelled IWUATA VA PORU.
  5990 | D:6      | 5990 ||| READING scroll labelled RECSAPR XOUTZ.
  6081 | D:7      | 6081 ||| Stepping ~*~*~tactically~*~*~ (stealth).
  6155 | D:7      | Reached skill level 6 in Shields
  6329 | D:7      | Found Jirphypp's Distillery.
  6334 | D:7      | 6334 ||| BUYING 2 potions of curing (72 gold).
  6334 | D:7      | Bought 2 potions of curing for 72 gold pieces
  6334 | D:7      | 6334 ||| BUYING 2 potions of curing (72 gold).
  6334 | D:7      | Bought 2 potions of curing for 72 gold pieces
  6334 | D:7      | 6334 ||| SHOPLISTING 2 potions of heal wounds (120 gold,
                  | have 109).
  6334 | D:7      | 6334 ||| BUYING potion of attraction (36 gold).
  6334 | D:7      | Bought a potion of attraction for 36 gold pieces
  6334 | D:7      | 6334 ||| BUYING potion of curing (36 gold).
  6334 | D:7      | Bought a potion of curing for 36 gold pieces
  6334 | D:7      | 6334 ||| SHOPLISTING potion of heal wounds (60 gold, have
                  | 37).
  6334 | D:7      | 6334 ||| BUYING potion of lignification (36 gold).
  6334 | D:7      | Bought a potion of lignification for 36 gold pieces
  6334 | D:7      | 6334 ||| SHOPLISTING potion of might (48 gold, have 1).
  6464 | D:7      | 6464 ||| Stepping ~*~*~tactically~*~*~ (hiding).
  6951 | D:7      | 6951 ||| READING scroll labelled REOCLE YTAUDI.
  6952 | D:7      | 6952 ||| READING 2 scrolls of identify.
  6952 | D:7      | 6952 ||| IDENTIFYING golden potion
  6953 | D:7      | 6953 ||| DROPPING potion of brilliance.
  6993 | D:8      | 6993 ||| Stepping ~*~*~tactically~*~*~ (stealth).
  6994 | D:8      | 6994 ||| Stepping ~*~*~tactically~*~*~ (stealth).
  6996 | D:8      | 6996 ||| Stepping ~*~*~tactically~*~*~ (stealth).
  7087 | D:8      | 7087 ||| FLEEEEING.
  7153 | D:8      | 7153 ||| Stepping ~*~*~tactically~*~*~ (stealth).
  7155 | D:8      | 7155 ||| Stepping ~*~*~tactically~*~*~ (hiding).
  7162 | D:8      | Reached XP level 10. HP: 63/63 MP: 10/10
  7302 | D:8      | 7302 ||| Stepping ~*~*~tactically~*~*~ (stealth).
  7304 | D:8      | 7304 ||| Stepping ~*~*~tactically~*~*~ (hiding).
  7306 | D:8      | 7306 ||| Stepping ~*~*~tactically~*~*~ (hiding).
  7343 | D:8      | 7343 ||| Stepping ~*~*~tactically~*~*~ (stealth).
  7347 | D:8      | 7347 ||| Stepping ~*~*~tactically~*~*~ (stealth).
  7349 | D:8      | 7349 ||| Stepping ~*~*~tactically~*~*~ (stealth).
  7354 | D:8      | 7354 ||| Stepping ~*~*~tactically~*~*~ (stealth).
  7358 | D:8      | 7358 ||| Stepping ~*~*~tactically~*~*~ (stealth).
  7380 | D:8      | 7380 ||| Stepping ~*~*~tactically~*~*~ (stealth).
  7388 | D:8      | 7388 ||| Stepping ~*~*~tactically~*~*~ (stealth).
  7392 | D:8      | 7392 ||| Stepping ~*~*~tactically~*~*~ (stealth).
  7403 | D:8      | Reached skill level 9 in Shields
  7515 | D:8      | Found a sparkling altar of Nemelex Xobeh.
  7594 | D:8      | 7594 ||| Stepping ~*~*~tactically~*~*~ (stealth).
  7630 | D:8      | 7630 ||| Stepping ~*~*~tactically~*~*~ (hiding).
  7654 | D:8      | 7654 ||| FLEEEEING.
  7655 | D:8      | 7655 ||| FLEEEEING.
  7656 | D:8      | 7656 ||| FLEEEEING.
  7657 | D:8      | 7657 ||| FLEEEEING.
  7861 | D:8      | Found a blossoming altar of Fedhas.
  7864 | D:8      | 7864 ||| Stepping ~*~*~tactically~*~*~ (hiding).
  8001 | D:8      | 8001 ||| DRINKING 3 sapphire potions.
  8002 | D:8      | 8002 ||| DROPPING 2 potions of degeneration.
  8030 | D:9      | 8030 ||| STAIRDANCE
  8147 | D:9      | Noticed a two-headed ogre
  8155 | D:9      | Killed a two-headed ogre
  8156 | D:9      | Reached skill level 10 in Axes
  8410 | D:9      | 8410 ||| Stepping ~*~*~tactically~*~*~ (hiding).
  8580 | D:9      | HP: 13/64 [orc warrior/+0 glaive (14)]
  8581 | D:9      | 8581 ||| READING 2 scrolls of teleportation.
  8587 | D:9      | 8587 ||| READING scroll of teleportation.
  8590 | D:9      | HP: 8/64 [yak (3)]
  8592 | D:9      | Reached skill level 6 in Armour
  8900 | D:9      | Found an iron altar of Okawaru.
  9004 | D:9      | Reached XP level 11. HP: 63/68 MP: 11/11
  9070 | D:9      | Reached skill level 11 in Axes
  9330 | D:9      | Identified the +7 war axe "Yxios" {speed, rN+}
  9332 | D:9      | 9332 ||| SWAPPING to +7 war axe "Yxios" {speed, rN+}.
  9333 | D:9      | 9333 ||| DROPPING +3 broad axe of venom.
  9400 | D:9      | 9400 ||| UPGRADING to +0 pair of gloves.
  9405 | D:9      | 9405 ||| UPGRADING to +0 helmet.
  9410 | D:9      | 9410 ||| READING scroll labelled RALOSU SOTAANG.
  9416 | D:10     | Entered Level 10 of the Dungeon
  9416 | D:10     | Noticed a deep elf pyromancer
  9422 | D:10     | Killed a deep elf pyromancer
  9472 | D:10     | Found a staircase to the Lair.
  9527 | D:10     | 9527 ||| FLEEEEING.
  9528 | D:10     | 9528 ||| FLEEEEING.
  9529 | D:10     | 9529 ||| FLEEEEING.
  9530 | D:10     | 9530 ||| FLEEEEING.
  9531 | D:10     | 9531 ||| FLEEEEING.
  9532 | D:10     | 9532 ||| FLEEEEING.
  9544 | D:10     | Reached skill level 9 in Fighting
  9786 | D:10     | 9786 ||| Stepping ~*~*~tactically~*~*~ (stealth).
  9901 | D:10     | Noticed a manticore
  9901 | D:10     | Noticed qw's ghost (novice MiBe)
  9912 | D:10     | Found a transporter.
  9993 | D:10     | Found a transporter.
 10010 | D:10     | Found a shimmering altar of Xom.
 10121 | D:10     | Noticed a catoblepas
 10127 | D:10     | Found a broken altar of Ashenzari.
 10131 | D:10     | Saw a vision of the Shoals and the Spider Nest.
 10131 | D:10     | Noticed a moth of wrath
 10131 | D:10     | Noticed a jorogumo
 10131 | D:10     | Noticed a boulder beetle
 10131 | D:10     | Noticed an entropy weaver
 10131 | D:10     | Noticed a moth of wrath
 10131 | D:10     | Noticed an emperor scorpion
 10131 | D:10     | Noticed a merfolk aquamancer
 10131 | D:10     | Noticed a sea snake
 10131 | D:10     | Noticed a wolf spider
 10133 | D:10     | Noticed a radroach
 10162 | D:10     | 10162 ||| UPGRADING to ring of willpower.
 10163 | D:10     | 10163 ||| READING scroll labelled ZIUMETWOSUDGH.
 10164 | D:10     | 10164 ||| READING scroll labelled ROHARERODD.
 10165 | D:10     | 10165 ||| READING 4 scrolls of identify.
 10165 | D:10     | 10165 ||| IDENTIFYING puce potion
 10166 | D:10     | 10166 ||| READING 3 scrolls of identify.
 10166 | D:10     | 10166 ||| IDENTIFYING green potion
 10167 | D:10     | 10167 ||| DROPPING potion of flight.
 10187 | D:11     | Noticed a cyclops
 10190 | D:11     | 10190 ||| STAIRDANCE
 10190 | D:11     | Noticed a brown ugly thing
 10217 | D:11     | Killed a cyclops
 10223 | D:11     | HP: 15/71 [brown ugly thing (6)]
 10223 | D:11     | HP: 5/71 [acid (10)]
 10225 | D:11     | Killed a brown ugly thing
 10226 | D:11     | 10226 ||| STAIRDANCE
 10243 | D:10     | Noticed a moth of wrath
 10553 | D:11     | 10553 ||| Stepping ~*~*~tactically~*~*~ (hiding).
 10566 | D:11     | 10566 ||| FLEEEEING.
 10567 | D:11     | 10567 ||| FLEEEEING.
 10568 | D:11     | 10568 ||| FLEEEEING.
 10606 | D:11     | 10606 ||| Stepping ~*~*~tactically~*~*~ (stealth).
 10622 | D:11     | 10622 ||| Stepping ~*~*~tactically~*~*~ (stealth).
 10623 | D:11     | 10623 ||| Stepping ~*~*~tactically~*~*~ (stealth).
 10624 | D:11     | 10624 ||| Stepping ~*~*~tactically~*~*~ (stealth).
 10631 | D:11     | 10631 ||| Stepping ~*~*~tactically~*~*~ (stealth).
 10651 | D:11     | Reached skill level 12 in Axes
 10792 | D:11     | Noticed a boulder beetle
 10827 | D:11     | Killed a boulder beetle
 10828 | D:11     | Reached XP level 12. HP: 42/76 MP: 12/12
 11022 | D:11     | 11022 ||| Stepping ~*~*~tactically~*~*~ (stealth).
 11031 | D:11     | 11031 ||| Stepping ~*~*~tactically~*~*~ (hiding).
 11033 | D:11     | 11033 ||| Stepping ~*~*~tactically~*~*~ (hiding).
 11072 | D:11     | 11072 ||| Stepping ~*~*~tactically~*~*~ (hiding).
 11075 | D:11     | 11075 ||| Stepping ~*~*~tactically~*~*~ (hiding).
 11204 | D:11     | 11204 ||| Stepping ~*~*~tactically~*~*~ (stealth).
 11208 | D:11     | 11208 ||| Stepping ~*~*~tactically~*~*~ (stealth).
 11210 | D:11     | 11210 ||| Stepping ~*~*~tactically~*~*~ (hiding).
 11321 | D:11     | 11321 ||| Stepping ~*~*~tactically~*~*~ (stealth).
 11322 | D:11     | 11322 ||| Stepping ~*~*~tactically~*~*~ (stealth).
 11324 | D:11     | 11324 ||| Stepping ~*~*~tactically~*~*~ (stealth).
 11356 | D:11     | 11356 ||| Stepping ~*~*~tactically~*~*~ (hiding).
 11479 | D:11     | Found a staircase to the Orcish Mines.
 11534 | D:11     | 11534 ||| Stepping ~*~*~tactically~*~*~ (hiding).
 11718 | D:11     | 11718 ||| Stepping ~*~*~tactically~*~*~ (stealth).
 11726 | D:11     | Reached skill level 1 in Throwing
 11818 | D:11     | 11818 ||| PLANNING LAIR
 11818 | D:11     | 11818 ||| UPGRADING to +2 chain mail of cold resistance.
 11828 | D:11     | 11828 ||| READING 2 scrolls of identify.
 11828 | D:11     | 11828 ||| IDENTIFYING grey potion
 11829 | D:11     | 11829 ||| DROPPING potion of berserk rage.
 11853 | Lair:1   | Entered Level 1 of the Lair of Beasts
 11865 | Lair:1   | 11865 ||| READING scroll of acquirement.
 11865 | Lair:1   | 11865 ||| ACQUIRING +1 pair of gloves "Iroobek" {Int+4
                  | Dex+3}
 11865 | Lair:1   | Acquired the +1 pair of gloves "Iroobek" {Int+4 Dex+3}
 11867 | Lair:1   | 11867 ||| UPGRADING to +1 pair of gloves "Iroobek" {Int+4
                  | Dex+3}.
 11877 | Lair:1   | 11877 ||| DROPPING +0 pair of gloves.
 11973 | Lair:1   | Reached skill level 3 in Dodging
 12103 | Lair:1   | 12103 ||| READING scroll of acquirement.
 12103 | Lair:1   | 12103 ||| ACQUIRING amulet of Waecag {rF+ rN+ Regen+ MP+9}
 12103 | Lair:1   | Acquired the amulet of Waecag {rF+ rN+ Regen+ MP+9}
 12105 | Lair:1   | 12105 ||| UPGRADING to amulet of Waecag {rF+ rN+ Regen+
                  | MP+9}.
 12327 | Lair:1   | 12327 ||| Stepping ~*~*~tactically~*~*~ (stealth).
 12329 | Lair:1   | 12329 ||| Stepping ~*~*~tactically~*~*~ (stealth).
 12331 | Lair:1   | 12331 ||| Stepping ~*~*~tactically~*~*~ (stealth).
 12419 | Lair:1   | Noticed a seven-headed hydra
 12422 | Lair:1   | 12422 ||| SWAPPING to +0 morningstar.
 12429 | Lair:1   | HP: 13/77 [seven-headed hydra (10)]
 12430 | Lair:1   | 12430 ||| DRINKING potion of heal wounds.
 12434 | Lair:1   | Killed a seven-headed hydra
 12435 | Lair:1   | 12435 ||| SWAPPING to +7 war axe "Yxios" {speed, rN+}.
 12902 | Lair:1   | 12902 ||| DROPPING amulet of the acrobat.
 12903 | Lair:1   | 12903 ||| DROPPING ring of fire.
 12937 | Lair:2   | 12937 ||| PLANNING GAUNTLET
 12941 | Lair:2   | 12941 ||| STAIRDANCE
 12948 | Lair:2   | 12948 ||| STAIRDANCE
 12964 | Lair:1   | Reached skill level 13 in Axes
 12966 | Lair:2   | 12966 ||| STAIRDANCE
 13295 | Lair:2   | Found a gate leading to a gauntlet.
 13296 | Lair:2   | 13296 ||| READING 3 scrolls of identify.
 13296 | Lair:2   | 13296 ||| IDENTIFYING white potion
 13297 | Lair:2   | 13297 ||| DROPPING potion of ambrosia.
 13305 | Gauntlet | Entered a Gauntlet
 13305 | Gauntlet | Found a transporter.
 13305 | Gauntlet | Found a runed translucent door.
 13312 | Gauntlet | Found a runed translucent door.
 13314 | Gauntlet | Found a transporter.
 13317 | Gauntlet | Found a transporter.
 13318 | Gauntlet | Found a transporter.
 13326 | Gauntlet | Found a transporter.
 13329 | Gauntlet | Found a transporter.
 13330 | Gauntlet | Found a transporter.
 13340 | Gauntlet | Found a transporter.
 13342 | Gauntlet | Found a transporter.
 13343 | Gauntlet | Found a transporter.
 13349 | Gauntlet | Found a runed translucent gate.
 13351 | Gauntlet | Found a runed translucent gate.
 13351 | Gauntlet | Found a transporter.
 13352 | Gauntlet | Found a runed translucent gate.
 13353 | Gauntlet | Noticed a reaper
 13355 | Gauntlet | Found a transporter.
 13356 | Gauntlet | Found a transporter.
 13364 | Gauntlet | Found a transporter.
 13367 | Gauntlet | Noticed a blizzard demon
 13497 | Gauntlet | Reached XP level 13. HP: 64/82 MP: 13/13
 13499 | Gauntlet | Reached skill level 14 in Axes
 13522 | Gauntlet | 13522 ||| DROPPING ring of flight.
 13557 | Gauntlet | 13557 ||| Stepping randomly (stuck).
 13567 | Gauntlet | Killed a reaper
 13620 | Gauntlet | Killed a blizzard demon
 13642 | Gauntlet | 13642 ||| UPGRADING to +0 tower shield.
 13652 | Gauntlet | 13652 ||| DROPPING +0 kite shield.
 13667 | Gauntlet | Noticed a minotaur
 13679 | Gauntlet | HP: 4/84 [minotaur/+2 great mace of draining (19)]
 13680 | Gauntlet | 13680 ||| DRINKING potion of heal wounds.
 13684 | Gauntlet | HP: 7/84 [minotaur's headbutt (16)]
 13685 | Gauntlet | Slain by a minotaur

Levels and vault maps discovered:
D:1:      minmay_arrival_glassed_features, layout_basic,
          hellmonk_ecumenical_altar_defaced_shrine
D:2:      layout_loops_corners, minmay_shallow_snake_nest, uniq_terence
D:3:      layout_basic, elyvilon_altar_5, mainiacjoe_overflow_tiny_flanked,
          serial_shops, nicolae_shop_waterfront
D:4:      layout_rooms
D:5:      layout_loops_cross, minmay_temple_entry_nine_rooms
D:6:      kennysheep_steamy, layout_cave_pools, nicolae_tso_besieged_by_evil,
          mainiacjoe_overflow_surrounded_room, mainiacjoe_overflow_alcove_4,
          mainiacjoe_overflow_cross_hatched, uniq_grinder
D:7:      layout_loops_cross, serial_shops, kennysheep_little_box,
          serial_rivers, chequers_serial_rivers_small_a,
          chequers_serial_rivers_micro_e, chequers_serial_rivers_small_a,
          chequers_serial_rivers_micro_c
D:8:      layout_gridville, fedhas_altar_3,
          mainiacjoe_overflow_concentric_impassable,
          ebering_dispersal_statue_hall, minmay_manual_mandibuliform
D:9:      layout_roguey, general_overflow_altar, billiards_dpeg
D:10:     layout_cave_pools, lemuel_round_altar, grunt_ashenzari_visionary
          [grunt_ashenzari_visionary_shoals, grunt_ashenzari_visionary_spider],
          minmay_lair_entry_grove, gammafunk_ghost_berserking_beasts
D:11:     layout_cave_pools, david_orc_4
Temple:   jpeg_temple_clearing
Lair:1:   layout_cave_pods
Lair:2:   layout_regular_city, gauntlet_entry_generic, serial_bayou_lagoon_b
Gauntlet: gammafunk_gauntlet_77_escape_option [minmay_gauntlet_arena_77_cramped,
          minmay_gauntlet_arena_77_hold_the_fort,
          minmay_gauntlet_arena_77_terracotta_army,
          minmay_gauntlet_arena_77_run_for_it, minmay_gauntlet_arena_77_museum,
          gauntlet_exit_watery]

Skill      XL: |  1  2  3  4  5  6  7  8  9 10 11 12 13 |
---------------+----------------------------------------+-----
Axes           | 2 3 4 5 6 7 9 10 12 13 14 | 14.0
Fighting       | 4 5 6 7 8 9 10 11 | 11.1
Dodging        | 1 2 3 |  3.1
Shields        | 4 8 9 10 11 | 11.1
Armour         | 4 6 8 |  8.3
Throwing       | 1 |  1.0

Action                   |  1- 3 |  4- 6 |  7- 9 | 10-12 | 13-15 || total
-------------------------+-------+-------+-------+-------+-------++-------
Melee: War axe           |    80 |    38 |       |   461 |    52 ||   631
       Broad axe         |       |    99 |   193 |   152 |       ||   444
       Morningstar       |       |       |       |    10 |       ||    10
Throw: Boomerang         |       |       |       |    34 |       ||    34
  Use: Scroll            |     2 |     7 |     7 |    11 |       ||    27
       Potion            |       |     3 |     1 |     2 |     1 ||     7
Armor: Scale mail        |    32 |    18 |       |       |       ||    50
       Chain mail        |       |    61 |    53 |    84 |    18 ||   216
       Plate armour      |       |       |    25 |   169 |       ||   194
Dodge: Dodged            |    32 |    65 |    65 |   119 |     4 ||   285
Block: Buckler           |     9 |    29 |    23 |       |       ||    61
       Kite shield       |       |       |    35 |   255 |    11 ||   301
       Tower shield      |       |       |       |       |     6 ||     6

Table legend:
 A = Non-vault XP
 B = Vault XP
 C = Vault XP percentage of total XP
 D = Non-vault monster count
 E = Vault monster count
 F = Vault count percentage of total count
                 A         B        C        D         E       F
            +---------+---------+-------+---------+---------+-------
      Total |   26611 |    8791 |  24.8 |     270 |      64 |  19.2
            +---------+---------+-------+---------+---------+-------
        D:1 |      23 |       5 |  17.9 |      12 |       3 |  20.0
        D:2 |      67 |      53 |  44.2 |      19 |       5 |  20.8
        D:3 |     113 |       0 |   0.0 |      24 |       0 |   0.0
        D:4 |     123 |       0 |   0.0 |      14 |       0 |   0.0
        D:5 |     396 |       0 |   0.0 |      15 |       0 |   0.0
        D:6 |    1784 |     673 |  27.4 |      31 |      10 |  24.4
        D:7 |    1059 |       0 |   0.0 |      20 |       0 |   0.0
        D:8 |    1769 |     129 |   6.8 |      30 |       2 |   6.2
        D:9 |    3398 |     885 |  20.7 |      33 |       3 |   8.3
       D:10 |    2896 |    2452 |  45.8 |      15 |      13 |  46.4
       D:11 |    4914 |     715 |  12.7 |      22 |      18 |  45.0
     Lair:1 |    6438 |       0 |   0.0 |      21 |       0 |   0.0
     Lair:2 |    2836 |       0 |   0.0 |      11 |       0 |   0.0
   Gauntlet |     795 |    3879 |  83.0 |       3 |      10 |  76.9
            +---------+---------+-------+---------+---------+-------
